 Dungeon Crawl Stone Soup version 0.27.1-34-g3ba077fa99 (webtiles) character file.

Game seed: 11057408937770302802

12744 belegose the Thaumaturge (level 11, -1/68 HPs)
             Began as a Mummy Fire Elementalist on Jan 27, 2022.
             Was an Initiate of Ashenzari.
             Slain by an orc warlord (27 damage)
             ... in a bailey.
             The game lasted 01:15:50 (20210 turns).

belegose the Thaumaturge (Mummy Fire Elementalist) Turns: 20210, Time: 01:15:51

Health: -1/68      AC: 12    Str: 17    XL:     11   Next: 66%
Magic:  5/25       EV: 11    Int: 16    God:    Ashenzari [......]
Gold:   503        SH:  0    Dex: 13    Spells: 17/30 levels left

rFire    . . .     SeeInvis .   b - +7 quick blade
rCold    + . .     Faith    .   (no shield)
rNeg     + + +     Spirit   .   s - +4 ring mail of Gehenna {Str+4 Stlth+}
rPois    ∞         Reflect  .   g - +2 hat "Altruism of Ashenzari" {Bglg, Cun} (curse)
rElec    .         Harm     .   h - +0 cloak
rCorr    .         Rampage  .   (no gloves)
Will     +....                  (no boots)
Stlth    ++........             p - amulet of the acrobat
HPRegen  0.21/turn              f - ring of fire
MPRegen  0.19/turn              l - ring of protection from cold

@: no status effects
A: cold resistance 1, negative energy resistance 3, torment resistance 2, heat
vulnerability 1, no potions
a: Renounce Religion, Curse Item, Shatter the Chains


You were in a bailey.
You worshipped Ashenzari.
Ashenzari was noncommittal.
You visited 2 branches of the dungeon, and saw 13 of its levels.
You also visited: Ossuary and Bailey.

You collected 773 gold pieces.
You spent 270 gold pieces at shops.

Inventory:

Hand Weapons
 b - a +7 quick blade (weapon)
 B - the +8 hand axe of Ibaapris {venom, Will- MP+9 Int-2 SInv}
   (You found it on level 11 of the Dungeon)

   It poisons the flesh of those it strikes.
   Int:       It affects your intelligence (-2).
   MP:        It affects your magic capacity (+9).
   SInv:      It lets you see invisible.
   Will:      It decreases your willpower.
Missiles
 c - 255 stones
 d - 45 poisoned darts (quivered)
 m - 7 throwing nets
Armour
 g - the cursed +2 hat "Altruism of Ashenzari" (worn) {Bglg, Cun}
   (You found it on level 2 of the Dungeon)

   It has a curse which improves the following skills: Beguiling: Conjurations,
   Hexes and Translocations.
   Cunning:   Dodging and Stealth.
 h - a +0 cloak (worn)
 s - the +4 ring mail of Gehenna (worn) {Str+4 Stlth+}
   (You bought it in a shop on level 6 of the Dungeon)

   Str:       It affects your strength (+4).
   Stlth:     It makes you more stealthy.
 w - +0 steam dragon scales
Magical Staves
 C - a staff of conjuration
Jewellery
 f - a ring of fire (left hand)
 j - a ring of fire
 l - a ring of protection from cold (right hand)
 p - an amulet of the acrobat (around neck)
 z - a ring of ice
Wands
 k - a wand of flame (17)
 n - a wand of mindburst (9)
 t - a wand of digging (6)
 x - a wand of polymorph (11)
 y - a wand of iceblast (1)
Scrolls
 e - 3 scrolls of blinking
 i - 2 scrolls of magic mapping
 o - 3 scrolls of fear
 q - 3 scrolls of amnesia
 r - 4 scrolls of enchant armour
 u - 3 scrolls of teleportation
 v - a scroll of summoning
Miscellaneous
 A - a piece from Xom's chessboard (4/15)


   Skills:
 - Level 4.0 Short Blades
 - Level 3.0 Armour
 + Level 2.2(2.6) Dodging
 + Level 2.1(2.6) Stealth
 + Level 10.3 Spellcasting
 + Level 9.3(9.8) Conjurations
 + Level 9.6 Fire Magic


You had 17 spell levels left.
You knew the following spells:

 Your Spells              Type           Power      Damage    Failure   Level
a - Foxfire               Conj/Fire      100%       2x1d9     1%          1
b - Conjure Flame         Conj/Fire      56%        6-21      1%          3
c - Sticky Flame          Conj/Fire      56%        2d7       3%          4
d - Fireball              Conj/Fire      28%        3d12      9%          5

Your spell library contained the following spells:

 Spells                   Type           Power      Damage    Failure   Level
 Inner Flame              Hex/Fire       35%        N/A       6%          3
 Call Canine Familiar     Summ           8%         N/A       43%         3
 Portal Projectile        Hex/Tloc       16%        N/A       43%         3
 Leda's Liquefaction      Hex/Erth       4%         N/A       83%         4
 Conjure Ball Lightning   Conj/Air       12%        3x3d6     97%         6
 Discord                  Hex            4%         N/A       100%        8
 Disjunction              Tloc           4%         N/A       100%        8


Dungeon Overview and Level Annotations

Branches:
Dungeon (12/15)            Temple (1/1) D:6            Lair (0/6) D:8
    Orc (0/2) D:12        Ossuary (visited)          Bailey (1/1)

Altars:
Ashenzari
Dithmenos
Fedhas
Qazlal
Zin
The Shining One

Shops:
D:6 *

Annotations:
D:5 Edmund
D:6 exclusion: oklob plant
D:11 exclusion: wizard


Innate Abilities, Weirdness & Mutations

You are immune to poison.
Your flesh is cold resistant. (rC+)
You are immune to negative energy. (rN+++)
You are immune to unholy pain and torment.
You are vulnerable to heat. (rF-)
You do not drink.


Message History

Press: ? - help, Shift-Dir - straight line, f/p - orc warlord
Aim: an orc warlord, wielding a +3 battleaxe and wearing a +0 chain mail (moderately wounded)
You feel a surge of power!
The fireball explodes!
The fireball engulfs the orc warlord!
The orc warlord is moderately wounded.
You hear a shout!
Casting: Fireball (dangerous; 9% risk of failure)
Confirm with . or Enter, or press ? or * to list all spells.
Aiming: Fireball (dangerous; 9% risk of failure)
Press: ? - help, Shift-Dir - straight line, f/p - orc warlord
Aim: an orc warlord, wielding a +3 battleaxe and wearing a +0 chain mail (moderately wounded)
You feel a surge of power!
The fireball explodes!
The fireball engulfs the orc warlord!
The orc warlord is heavily wounded.
Casting: Fireball (dangerous; 9% risk of failure)
Confirm with . or Enter, or press ? or * to list all spells.
Aiming: Fireball (dangerous; 9% risk of failure)
Press: ? - help, Shift-Dir - straight line, p - orc warlord You feel a surge of power!
The fireball explodes!
The fireball engulfs the orc warlord!!
The orc warlord is severely wounded.
The orc warlord hits you with a +3 battleaxe!!
Unknown command.
Unknown command.
Casting: Fireball (dangerous; 9% risk of failure)
Confirm with . or Enter, or press ? or * to list all spells.
You don't have enough magic to cast this spell.
Aiming: Iceblast
Press: ? - help, Shift-Dir - straight line The mass of ice explodes!
The iceblast engulfs the orc warlord!
The orc warlord is severely wounded.
The orc warlord hits you with a +3 battleaxe!
Unknown command.
Unknown command.
Aiming: Iceblast
Press: ? - help, Shift-Dir - straight line The mass of ice explodes!
The iceblast engulfs the orc warlord.
The orc warlord is almost dead.
The orc warlord hits you with a +3 battleaxe!!
You die...

♣♣ ♣♣♣♣.♣♣♣♣
♣♣.♣.....♣♣♣
♣..........♣♣
♣.....∩.....♣
♣♣.........♣♣
♣....@.....♣
♣♣...o)...♣♣
♣....[[)..♣
♣♣##'''##♣♣
##...))##
#...)...#
##.).....##
#.)).))...#
##..)...)..##


You could see an orc warlord.

Vanquished Creatures
  Harold (D:9)
  A boulder beetle (D:11)
  A two-headed ogre (D:11)
  A manticore (D:11)
  A cyclops (D:11)
  Maurice (D:9)
  Maggie (D:9)
  A freezing wraith (D:11)
  2 komodo dragons (D:10)
  2 trolls
  6 yaks
  2 wraiths (D:7)
  2 wyverns
  Grum (D:8)
  A basilisk (D:11)
  Eustachio (D:4)
  3 steam dragons
  Menkaure (D:5)
  Duvessa (D:4)
  2 water moccasins
  A sky beast (D:7)
  A necrophage (D:8)
  4 ogres
  13 orc warriors
  5 wolves (D:8)
  6 centaurs
  A phantom (D:6)
  A kobold brigand (D:8)
  2 bullfrogs (D:7)
  A gnoll sergeant (D:11)
  Dowan (D:4)
  A scorpion (D:5)
  6 electric eels
  3 howler monkeys
  A crimson imp (D:8)
  A bullfrog zombie (D:3)
  5 centaur zombies
  8 hounds
  2 jellies (D:4)
  Crazy Yiuf (D:3)
  3 orc priests
  A gnoll shaman (D:7)
  A bullfrog skeleton (D:6)
  Jessica (D:3)
  An iguana (D:6)
  11 orc wizards
  A killer bee zombie (D:5)
  8 mummies (Ossuary)
  24 gnolls
  4 adders
  A howler monkey skeleton (D:7)
  A shadow imp (D:8)
  A white imp (D:8)
  3 worms
  4 dart slugs
  35 orcs
  7 endoplasms
  A giant cockroach (D:1)
  A gnoll zombie (Ossuary)
  19 goblins
  20 hobgoblins
  6 jackals
  5 quokkas
  10 ball pythons
  8 bats
  4 frilled lizards
  A goblin skeleton (D:8)
  A goblin zombie (D:8)
  5 hobgoblin zombies
  9 kobolds
  5 kobold zombies
  6 orc zombies
  10 rats
314 creatures vanquished.

Vanquished Creatures (others)
  1011 foxfires
1011 creatures vanquished.

Grand Total: 1325 creatures vanquished

Notes
Turn   | Place    | Note
-------+----------+-------------------------------------------
     0 | D:1      | belegose the Mummy Fire Elementalist began the quest for
                  | the Orb.
     0 | D:1      | Reached XP level 1. HP: 13/13 MP: 4/4
    57 | D:1      | Reached skill level 1 in Conjurations
   127 | D:1      | Reached skill level 3 in Spellcasting
   161 | D:1      | Reached XP level 2. HP: 16/19 MP: 3/6
   761 | D:1      | Reached XP level 3. HP: 24/24 MP: 5/7
  2185 | D:1      | Reached XP level 4. HP: 13/30 MP: 2/9
  2399 | D:2      | Found a faded altar of an unknown god.
  2574 | D:3      | Reached skill level 4 in Spellcasting
  3036 | D:3      | Noticed Jessica
  3269 | D:3      | Killed Jessica
  3274 | D:3      | Reached XP level 5. HP: 35/35 MP: 7/11
  3700 | D:3      | Found a runed translucent door.
  3701 | D:3      | Noticed Crazy Yiuf
  3765 | D:4      | Noticed Duvessa
  4047 | D:4      | Noticed an ogre
  4105 | D:4      | Noticed Eustachio
  4234 | D:4      | Reached skill level 5 in Spellcasting
  4234 | D:4      | Reached XP level 6. HP: 23/41 MP: 9/13
  4235 | D:4      | Found a sand-covered staircase.
  4243 | Ossuary  | Entered an ossuary
  4375 | Ossuary  | Learned a level 3 spell: Conjure Flame
  5561 | D:4      | Noticed Dowan
  6407 | D:5      | Entered Level 5 of the Dungeon
  6436 | D:4      | Killed Eustachio
  6437 | D:4      | Reached XP level 7. HP: 40/46 MP: 11/15
  6568 | D:5      | Reached skill level 6 in Spellcasting
  6592 | D:5      | Noticed Menkaure
  6600 | D:5      | Killed Menkaure
  6754 | D:5      | Noticed Edmund
  7002 | D:5      | Found a shadowy altar of Dithmenos.
  7002 | D:5      | Found a broken altar of Ashenzari.
  7040 | D:5      | Became a worshipper of Ashenzari the Shackled
  7040 | D:5      | Identified a scroll of acquirement
  7043 | D:5      | Acquired a +4 quick blade
  7060 | D:5      | Learned a level 4 spell: Sticky Flame
  7705 | D:6      | Reached skill level 1 in Short Blades
  7705 | D:6      | Reached skill level 5 in Fire Magic
  7705 | D:6      | Reached XP level 8. HP: 18/52 MP: 13/18
  7987 | D:6      | Found a staircase to the Ecumenical Temple.
  8001 | Temple   | Entered the Ecumenical Temple
  8155 | D:6      | Found a blossoming altar of Fedhas.
  8180 | D:6      | Noticed an oklob plant
  8276 | D:6      | Reached skill level 7 in Spellcasting
  8519 | D:6      | Found Biexoant's Assorted Antiques.
  8619 | D:6      | Bought a brightly glowing ring mail for 270 gold pieces
  8619 | D:6      | Identified the +4 ring mail of Gehenna {Str+4 Stlth+} (You
                  | bought it in a shop on level 6 of the Dungeon)
  9441 | D:7      | Reached skill level 5 in Conjurations
 10391 | D:7      | Reached skill level 1 in Armour
 10391 | D:7      | Reached skill level 8 in Spellcasting
 10704 | D:8      | Noticed a troll
 10711 | D:8      | Killed a troll
 10712 | D:8      | Reached XP level 9. HP: 57/57 MP: 14/21
 11442 | D:8      | Found a stormy altar of Qazlal.
 11474 | D:8      | Learned a level 5 spell: Fireball
 12166 | D:8      | Found a staircase to the Lair.
 12781 | D:9      | Reached skill level 9 in Spellcasting
 12863 | D:9      | Noticed Harold
 12957 | D:9      | Noticed Maggie
 12982 | D:9      | Killed Maggie
 13100 | D:9      | Reached XP level 10. HP: 61/63 MP: 23/23
 13260 | D:9      | Noticed Maurice
 13267 | D:9      | Killed Maurice
 13376 | D:9      | Noticed Grum
 13670 | D:8      | Killed Grum
 14024 | D:10     | Entered Level 10 of the Dungeon
 14180 | D:10     | Reached skill level 10 in Spellcasting
 15565 | D:11     | Identified the +1 scale mail "Zakiozxi" {rF+ rN+ Slay-6}
 15648 | D:11     | Noticed a cyclops
 15668 | D:11     | Killed a cyclops
 15853 | D:10     | Reached XP level 11. HP: 50/68 MP: 19/25
 15981 | D:11     | Noticed a two-headed ogre
 15996 | D:11     | Killed a two-headed ogre
 16280 | D:11     | Identified the +8 hand axe of Ibaapris {venom, Will- MP+9
                  | Int-2 SInv}
 16315 | D:11     | Noticed a wizard
 16884 | D:9      | Killed Harold
 17388 | D:7      | Identified the +1 leather armour "Ekuzehen" {rN+ Int-4
                  | SInv}
 18165 | D:4      | Killed Duvessa
 18170 | D:4      | Killed Dowan
 18308 | D:3      | Killed Crazy Yiuf
 18697 | D:12     | Noticed a boulder beetle
 18721 | D:11     | Killed a boulder beetle
 18885 | D:12     | Found a flagged portal.
 18903 | Bailey   | Entered a bailey
 20133 | Bailey   | Noticed an orc warlord
 20210 | Bailey   | Slain by an orc warlord

Illustrated notes

Levels and vault maps discovered:
D:1:      amcnicky_arrival_abandoned_market, layout_basic
D:2:      layout_basic, dilly_ecumenical_altar_fadedgnrine, st_stairs_12
D:3:      layout_loops_ring, uniq_jessica, uniq_crazy_yiuf_cottage
D:4:      layout_basic, nicolae_ossuary_entry_plus, fountainhead,
          minmay_between, uniq_eustachio, uniq_duvessa
D:5:      layout_loops_cross, mainiacjoe_overflow_divided_tiny, uniq_edmund,
          uniq_menkaure
D:6:      layout_basic, tgw_fedhas, minmay_temple_entry_nine_rooms,
          serial_shops, nicolae_shop_statue_plus
D:7:      minmay_blocky_corners, layout_basic, hex_large
D:8:      layout_cave_pools, mainiacjoe_overflow_catwalk_spiral,
          nicolae_tso_besieged_by_evil, erik_lair_island
D:9:      layout_roguey, uniq_maurice, uniq_grum, uniq_harold, uniq_maggie
D:10:     layout_rooms
D:11:     layout_cave_pools, minmay_misc_feat_plants,
          kennysheep_opposing_triangles
D:12:     layout_long_grid, erik_orc_2, enter_bailey_3, serial_bayou,
          serial_bayou_pond_c, serial_bayou_pond_d, serial_bayou_shore_a,
          serial_bayou_lagoon_a
Temple:   lightli_temple_of_artemis
Bailey:   bailey_axe_minmay_hex_keep, bailey

Skill      XL: |  1  2  3  4  5  6  7  8  9 10 11 |
---------------+----------------------------------+-----
Conjurations   | 1 2 3 4 5 6 8 9 |  9.3
Spellcasting   | 3 4 5 6 8 9 10 | 10.3
Fire Magic     | 3 4 5 6 8 9 |  9.6
Short Blades   | 1 3 4 |  4.0
Armour         | 1 3 |  3.0
Dodging        | 2 |  2.2
Stealth        | 2 |  2.1

Action                   |  1- 3 |  4- 6 |  7- 9 | 10-12 || total
-------------------------+-------+-------+-------+-------++-------
Melee: Dagger            |    65 |       |       |       ||    65
       Whip              |       |    76 |    28 |       ||   104
       Quick blade       |       |       |   187 |   232 ||   419
Throw: Dart              |       |     2 |     2 |    18 ||    22
 Cast: Foxfire           |    64 |    97 |   184 |   212 ||   557
       Conjure Flame     |       |     3 |       |    13 ||    16
       Fireball          |       |       |       |    41 ||    41
Invok: Curse Item        |       |       |     1 |       ||     1
Evoke: Wand              |       |       |     3 |    11 ||    14
       Piece from Xom's  |       |       |       |    11 ||    11
  Use: Scroll            |       |     5 |     4 |     3 ||    12
 Stab: Sleeping          |     5 |     3 |     3 |     1 ||    12
Armor: Robe              |    16 |    29 |    11 |       ||    56
       Ring mail         |       |       |    56 |   102 ||   158
Dodge: Dodged            |    55 |    88 |   133 |   152 ||   428
